 Dungeon Crawl Stone Soup version 0.22.0-38-g04b72b8 (webtiles) character file.

26483 Lew the Cleaver (level 13, -7/81 HPs)
             Began as a Gargoyle Fighter on Aug 30, 2018.
             Was a High Priest of Okawaru.
             Mangled by an orc warlord
             ... wielding a +4 great sword of holy wrath
              (20 damage)
             ... on level 2 of the Orcish Mines.
             The game lasted 00:33:40 (11867 turns).

Lew the Cleaver (Gargoyle Fighter)                 Turns: 11867, Time: 00:33:40

Health: -7/81      AC: 25    Str: 26    XL:     13   Next: 26%
Magic:  0/22       EV: 12    Int: 10    God:    Okawaru [*****.]
Gold:   932        SH:  7    Dex: 12    Spells: 12/12 levels left

rFire    + . .     SeeInvis .   g - +9 broad axe "Himeataf" {flame, rF+}
rCold    . . .     Gourm    +   i - +2 buckler {AC+3}
rNeg     + . .     Faith    .   b - +0 scale mail
rPois    ∞         Spirit   +   (no helmet)
rElec    +         Reflect  .   A - scarf {Spirit}
rCorr    .         Harm     .   v - +1 pair of gloves
MR       .....                  (no boots)
Stlth    ++........             E - amulet of the gourmand
HPRegen  0.23/turn              h - ring of magical power
MPRegen  0.18/turn              r - +3 ring of protection

@: mighty
A: hooves 1, blink, blurry vision 1, negative energy resistance 1, electricity
resistance, unbreathing, petrification resistance, rot immunity, AC +9
a: Blink, Heroism, Finesse, Renounce Religion


You were on level 2 of the Orcish Mines.
You worshipped Okawaru.
Okawaru was extremely pleased with you.
You were not hungry.

You visited 3 branches of the dungeon, and saw 13 of its levels.

You collected 1656 gold pieces.
You spent 724 gold pieces at shops.

Inventory:

Hand Weapons
 g - the +9 broad axe "Himeataf" (weapon) {flame, rF+}
   (You acquired it on level 9 of the Dungeon)

   It has been specially enchanted to burn those struck by it, causing extra
   injury to most foes and up to half again as much damage against particularly
   susceptible opponents.
   Big, fiery blades are also staple armaments of hydra-hunters.
   It protects you from fire.
 o - a +4 war axe of freezing
 t - the +9 trident "Qyploz" {pierce, -Tele rC- Dex+7 Stlth+}
   (You found it on level 5 of the Dungeon)

   It inflicts extra damage upon your enemies.
   It affects your dexterity (+7).
   It makes you vulnerable to cold.
   It prevents most forms of teleportation.
   It makes you more stealthy.
Armour
 b - a +0 scale mail (worn)
 c - a +0 shield
 i - a +2 buckler of protection (worn)
 q - a +0 troll leather armour
 v - a +1 pair of gloves (worn)
 A - a scarf of spirit shield (worn)
Jewellery
 h - a ring of magical power (left hand)
 r - a +3 ring of protection (right hand)
 E - an amulet of the gourmand (around neck)
 F - an uncursed ring of protection from magic
Wands
 j - a wand of random effects (21)
 w - a wand of paralysis (8)
 z - a wand of polymorph (18)
 C - a wand of disintegration (21)
 D - a wand of iceblast (7)
 I - a wand of acid (10)
Scrolls
 a - a scroll of enchant armour
 e - 2 scrolls of immolation
 n - a scroll of fog
 p - 6 scrolls of remove curse
 s - 5 scrolls of teleportation
 u - 5 scrolls of identify
 y - 2 scrolls of amnesia
Potions
 d - a potion of might
 k - 8 potions of curing
 l - 6 potions of flight
 m - 2 potions of magic
 x - 4 potions of haste
Comestibles
 f - 16 rations


   Skills:
 + Level 9.7 Fighting
 * Level 14.4 Axes
 - Level 7.2 Armour
 - Level 5.0 Dodging
 - Level 7.5 Stealth
 - Level 7.2 Shields


You had 12 spell levels left.
You didn't know any spells.
Your spell library contained the following spells:

 Spells                   Type           Power        Failure   Level  Hunger
 Animate Skeleton         Necr           N/A          61%         1    ##.....
 Apportation              Tloc           #.....       61%         1    ##.....
 Beastly Appendage        Tmut           #.....       61%         1    ##.....
 Confusing Touch          Hex            #.....       61%         1    ##.....
 Infusion                 Chrm           #...         61%         1    ##.....
 Magic Dart               Conj           #...         61%         1    ##.....
 Summon Small Mammal      Summ           #...         61%         1    ##.....
 Searing Ray              Conj           #.....       75%         2    ###....
 Shroud of Golubria       Chrm/Tloc      #.........   75%         2    ###....
 Song of Slaying          Chrm           #.......     75%         2    ###....
 Sticks to Snakes         Tmut           #.......     75%         2    ###....
 Dazzling Spray           Conj/Hex       #.....       93%         3    ####...
 Regeneration             Chrm/Necr      #.........   93%         3    ####...
 Spectral Weapon          Hex/Chrm       #.......     93%         3    ####...
 Spider Form              Tmut/Pois      #.........   93%         3    ####...
 Force Lance              Conj/Tloc      #.......     100%        4    #####..
 Fulminant Prism          Conj/Hex       #.........   100%        4    #####..
 Ice Form                 Ice/Tmut       #.......     100%        4    #####..
 Iskenderun's Mystic Bla  Conj           #.......     100%        4    #####..
 Blade Hands              Tmut           #.........   100%        5    ######.


Dungeon Overview and Level Annotations

Branches:
Dungeon (10/15)            Temple (1/1) D:6             Orc (2/2) D:10
    Elf (0/3) Orc:2
   Lair: D:8-11

Altars:
Ashenzari
Cheibriados
Dithmenos
Elyvilon
Fedhas
Gozag
Hepliaklqana
Kikubaaqudgha
Makhleb
Nemelex Xobeh
Okawaru
Qazlal
Ru
Sif Muna
Trog
Uskayaw
Vehumet
Wu Jian
Xom
Yredelemnul
Zin
The Shining One
Beogh

Shops:
D:6 (   D:8 *   D:10 }[(   Orc:1 }   Orc:2 ??!


Innate Abilities, Weirdness & Mutations

You are resistant to torment.
Your stone body is resilient. (AC +9)
You are immune to poison.
You resist negative energy. (rN+)
You are resistant to electric shocks. (rElec)
You can survive without breathing.
You are immune to petrification.
You are immune to rotting.
You have large cloven feet.
You can translocate small distances at will.
Scrolls take you a little longer to read.


Message History

The orc warlord hits you with a great sword of holy wrath!!
You slash the orc warlord! You burn the orc warlord.
You kick the orc warlord, but do no damage.
The orc warlord is severely wounded.
Unknown command.
You closely miss the orc warlord.
The orc warlord is severely wounded.
The orc warlord hits you with a great sword of holy wrath!!
* * * LOW HITPOINT WARNING * * *
You feel very mighty all of a sudden.
The orc warlord hits you with a great sword of holy wrath!
* * * LOW HITPOINT WARNING * * *
Drop what? 32/52 slots (_ for help) (? for menu, Esc to quit)
Okay, then.
You closely miss the orc warlord. Your kick misses the orc warlord.
The orc warlord is severely wounded.
You barely miss the orc warlord. You kick the orc warlord.
The orc warlord is severely wounded.
The orc warlord hits you with a great sword of holy wrath!!
You die...

....................##.#
........................#
.................##.##.##
................##...###
...............#......#
.....................##
....#.8.8........).##.####
......(......)..).)#...#.##
....##'''##.)).#@.........#
..###..)..###..o##.#...#.##
.## #8().8# ##)######.####
.# ##.).## #)# #...# .#
#...# #(## ##.## .#
..'...'. #..## #...#
.#...#..o#.. #†((# ##.##
.#####.8.#####)(## ### .#
#..o# #.##


You could see an orc warlord.

Vanquished Creatures
  Harold (D:9)
  2 two-headed ogres (D:9)
  Urug (D:10)
  An orc high priest (Orc:2)
  An orc knight (Orc:2)
  An orc sorcerer (Orc:2)
  A cyclops (D:9)
  A gargoyle (D:10)
  Psyche (D:9)
  A queen bee (D:8)
  3 trolls
  Prince Ribbit (D:6)
  The ghost of eyesofgods1 the Insei, an amateur OpTm of Gozag (D:7)
  2 wyverns
  3 yaks (D:10)
  A hungry ghost (D:9)
  6 wargs (Orc:1)
  27 orc warriors
  7 sky beasts
  2 phantoms
  A black bear (D:8)
  10 ogres
  6 centaurs
  A big kobold (D:9)
  5 bullfrogs
  A wyvern zombie (D:8)
  A wyvern skeleton (D:6)
  A water moccasin skeleton (D:7)
  3 scorpions (D:9)
  13 killer bees (D:8)
  An electric eel (Orc:1)
  3 wights (D:9)
  5 crimson imps
  A centaur zombie (D:6)
  2 hounds
  5 jellies
  15 orc priests
  2 gnoll shamans
  21 orc wizards
  An iguana (D:10)
  Terence (D:2)
  A bullfrog skeleton (D:7)
  11 worker ants
  A hound skeleton (D:6)
  14 gnolls
  9 adders
  A shadow imp (D:6)
  A worm (D:4)
  2 dart slugs
  7 leopard geckos
  83 orcs
  A ball python (D:3)
  2 giant cockroaches (D:3)
  6 goblins
  7 hobgoblins
  20 jackals
  6 quokkas
  11 bats
  4 frilled lizards
  7 kobolds
  A leopard gecko skeleton (D:8)
  A quokka zombie (D:6)
  7 rats
366 creatures vanquished.

Notes
Turn   | Place    | Note
-------+----------+-------------------------------------------
     0 | D:1      | Lew the Gargoyle Fighter began the quest for the Orb.
     0 | D:1      | Reached XP level 1. HP: 14/14 MP: 1/1
   115 | D:1      | Reached skill level 2 in Axes
   115 | D:1      | Reached XP level 2. HP: 19/19 MP: 2/2
   281 | D:1      | Reached XP level 3. HP: 22/23 MP: 3/3
   318 | D:1      | Reached skill level 1 in Stealth
   710 | D:2      | Found a shimmering altar of Xom.
   928 | D:2      | Noticed Terence
   944 | D:2      | Killed Terence
   944 | D:2      | Reached skill level 1 in Dodging
   944 | D:2      | Reached XP level 4. HP: 26/28 MP: 4/4
  1132 | D:2      | Gained mutation: You are robust. (+10% HP) [potion of mutation]
  1132 | D:2      | Gained mutation: Your body sometimes deteriorates upon taking damage. [potion of mutation]
  1132 | D:2      | Gained mutation: You have large cloven feet. [potion of mutation]
  1133 | D:2      | Reached skill level 10 in Axes
  1133 | D:2      | Reached XP level 5. HP: 33/35 MP: 5/5
  1248 | D:3      | Found an opulent altar of Gozag.
  1374 | D:3      | Found a bloodstained altar of Trog.
  1496 | D:3      | Reached XP level 6. HP: 41/41 MP: 6/6
  1888 | D:3      | Found a sacrificial altar of Ru.
  2306 | D:4      | Reached XP level 7. HP: 31/46 MP: 7/7
  3088 | D:4      | Found a hide-covered altar of Uskayaw.
  3088 | D:4      | Found a glowing golden altar of the Shining One.
  3089 | D:4      | Found a burning altar of Makhleb.
  3089 | D:4      | Found an ornate altar of the Wu Jian Council.
  3098 | D:4      | Reached skill level 11 in Axes
  3106 | D:4      | Reached XP level 8. HP: 37/52 MP: 8/8
  3707 | D:4      | Found a hazy altar of Hepliaklqana.
  3709 | D:4      | Found an ancient bone altar of Kikubaaqudgha.
  3732 | D:5      | Entered Level 5 of the Dungeon
  4261 | D:5      | Found a stormy altar of Qazlal.
  4666 | D:5      | Got a scorched trident
  4667 | D:5      | Identified the +9 trident "Qyploz" {pierce, -Tele rC- Dex+7 Stlth+} (You found it on level 5 of the Dungeon)
  4922 | D:6      | Found Sacav's Antique Weapon Shop.
  5366 | D:6      | Noticed Prince Ribbit
  5371 | D:6      | Killed Prince Ribbit
  5402 | D:6      | Reached XP level 9. HP: 47/58 MP: 9/9
  5458 | D:6      | Found a staircase to the Ecumenical Temple.
  5587 | D:6      | Found a glowing silver altar of Zin.
  5655 | Temple   | Entered the Ecumenical Temple
  6047 | Temple   | Became a worshipper of Warmaster Okawaru
  6103 | D:6      | Got an ancient dagger
  6129 | D:6      | Identified the +5 dagger "Awkit" {flame, Str+4} (You found it on level 6 of the Dungeon)
  6360 | D:7      | Reached skill level 5 in Armour
  6568 | D:7      | Reached skill level 5 in Fighting
  6644 | D:7      | Reached skill level 5 in Shields
  6898 | D:7      | Reached * piety under Okawaru
  7099 | D:7      | Found a large runed door.
  7100 | D:7      | Found a large runed door.
  7206 | D:7      | Noticed eyesofgods1's ghost (amateur OpTm)
  7213 | D:7      | Killed eyesofgods1's ghost
  7495 | D:8      | Noticed a queen bee
  7505 | D:8      | Killed a queen bee
  7505 | D:8      | Reached ** piety under Okawaru
  7514 | D:8      | Reached XP level 10. HP: 61/66 MP: 10/10
  7538 | D:8      | Reached skill level 5 in Stealth
  7814 | D:8      | Found Sopp's Assorted Antiques.
  7818 | D:8      | Bought a dented malachite amulet for 125 gold pieces
  7818 | D:8      | Bought a metallic golden potion for 22 gold pieces
  7818 | D:8      | Bought a smoky blue potion for 22 gold pieces
  7818 | D:8      | Bought a scroll of enchant weapon for 187 gold pieces
  7818 | D:8      | Bought a scroll labeled DUMEROPROMP for 25 gold pieces
  7933 | D:8      | Reached skill level 12 in Axes
  8057 | D:9      | Noticed Harold
  8073 | D:9      | Killed Harold
  8089 | D:9      | Reached *** piety under Okawaru
  8263 | D:9      | Found a blossoming altar of Fedhas.
  8533 | D:9      | Noticed a two-headed ogre
  8544 | D:9      | Killed a two-headed ogre
  8550 | D:9      | Noticed Psyche
  8565 | D:9      | Killed Psyche
  8565 | D:9      | Reached **** piety under Okawaru
  8611 | D:9      | Reached XP level 11. HP: 62/73 MP: 11/11
  8681 | D:9      | Noticed a two-headed ogre
  8687 | D:9      | Killed a two-headed ogre
  8688 | D:9      | Noticed a cyclops
  8708 | D:9      | Killed a cyclops
  8725 | D:9      | Reached skill level 5 in Dodging
  9033 | D:9      | Identified a scroll of acquirement
  9041 | D:9      | Got a brightly glowing broad axe
  9042 | D:9      | Identified the +9 broad axe "Himeataf" {flame, rF+} (You acquired it on level 9 of the Dungeon)
  9053 | D:10     | Entered Level 10 of the Dungeon
  9069 | D:10     | Found Kyigat Kaaq's Gadget Boutique.
  9159 | D:10     | Reached skill level 13 in Axes
  9269 | D:10     | Reached ***** piety under Okawaru
  9274 | D:10     | Noticed Urug
  9284 | D:10     | Killed Urug
  9426 | D:10     | Found Lodd's Weapon Emporium.
  9426 | D:10     | Found a staircase to the Orcish Mines.
  9427 | D:10     | Found Giuck's Armour Emporium.
  9773 | Orc:1    | Entered Level 1 of the Orcish Mines
  9788 | Orc:1    | Received a gift from Okawaru
  9988 | Orc:1    | Found Giemec's Gadget Emporium.
 10623 | Orc:2    | Entered Level 2 of the Orcish Mines
 10813 | Orc:2    | Reached XP level 12. HP: 60/83 MP: 12/12
 10922 | Orc:2    | Found a roughly hewn altar of Beogh.
 10936 | Orc:2    | Found Yhet's Magic Scroll Shoppe.
 10939 | Orc:2    | Reached skill level 14 in Axes
 11052 | Orc:2    | Bought a scroll of identify for 26 gold pieces
 11052 | Orc:2    | Bought a scroll of identify for 26 gold pieces
 11052 | Orc:2    | Bought a scroll of identify for 26 gold pieces
 11052 | Orc:2    | Bought a scroll of identify for 26 gold pieces
 11081 | Orc:2    | Found Iribair's Magic Scroll Shoppe.
 11087 | Orc:2    | Bought a scroll of enchant armour for 127 gold pieces
 11112 | Orc:2    | Found a staircase to the Elven Halls.
 11159 | Orc:2    | Found a roughly hewn altar of Beogh.
 11159 | Orc:2    | Found Davelose's Distillery.
 11184 | Orc:2    | Bought a potion of mutation for 112 gold pieces
 11184 | Orc:2    | Lost mutation: You are robust. (+10% HP) [potion of mutation]
 11184 | Orc:2    | Lost mutation: Your body sometimes deteriorates upon taking damage. [potion of mutation]
 11184 | Orc:2    | Gained mutation: Scrolls take you a little longer to read. [potion of mutation]
 11184 | Orc:2    | Gained mutation: You can translocate small distances at will. [potion of mutation]
 11185 | Orc:2    | Reached XP level 13. HP: 77/80 MP: 13/13
 11280 | Orc:2    | Found a roughly hewn altar of Beogh.
 11286 | Orc:2    | Received a gift from Okawaru
 11431 | Orc:2    | Noticed an orc warlord
 11867 | Orc:2    | Mangled by an orc warlord

Skill      XL: |  1  2  3  4  5  6  7  8  9 10 11 12 |
---------------+-------------------------------------+-----
Axes           | 2 10 11 12 13 14 | 14.4
Stealth        | 1 2 3 4 5 7 |  7.5
Dodging        | 1 2 3 4 5 |  5.0
Armour         | 4 5 7 |  7.2
Fighting       | 4 5 7 9 |  9.7
Shields        | 4 5 7 |  7.2

Action                   |  1- 3 |  4- 6 |  7- 9 | 10-12 | 13-15 || total
-------------------------+-------+-------+-------+-------+-------++-------
Melee: War axe           |   103 |   124 |   192 |       |       ||   419
       Kick              |       |    22 |    65 |    97 |    18 ||   202
       Trident           |       |       |    91 |   195 |       ||   286
       Broad axe         |       |       |       |   190 |    72 ||   262
Evoke: Wand              |       |       |       |     1 |       ||     1
  Use: Scroll            |     2 |     6 |    10 |    11 |     2 ||    31
       Potion            |     1 |     3 |     4 |     5 |     2 ||    15
 Stab: Paralysed         |       |     1 |       |       |       ||     1
       Sleeping          |       |       |     5 |     7 |       ||    12
       Distracted        |       |       |       |     1 |       ||     1
  Eat: Chunk             |       |     4 |     1 |    11 |       ||    16
       Ration            |       |       |     5 |     1 |       ||     6
Armor: Scale mail        |    67 |    55 |   104 |   157 |    17 ||   400
       Skin              |       |       |     3 |       |       ||     3
Dodge: Dodged            |    48 |    51 |    94 |   166 |    23 ||   382
Block: Shield            |    23 |       |       |       |       ||    23
       Buckler           |    20 |    29 |    81 |   112 |    18 ||   260
